 Dungeon Crawl Stone Soup version 0.18.1-8-gdd0e5ea (webtiles) character file.

80 Gargoyl the Skirmisher (level 4, 0/37 HPs)
             Began as a Demonspawn Abyssal Knight on June 9, 2016.
             Was a Believer of Lugonu.
             Slain by a hobgoblin
             ... wielding a +0 club
             ... led by Robin
              (6 damage)
             ... on level 3 of the Dungeon.
             The game lasted 00:03:16 (1868 turns).

Gargoyl the Skirmisher (Demonspawn Abyssal Knight)  Turns: 1868, Time: 00:03:18

Health: 0/37       AC: 12    Str: 13    XL:     4   Next: 18%
Magic:  5/5        EV:  8    Int: 13    God:    Lugonu [**....]
Gold:   138        SH:  0    Dex: 18    Spells: 0 memorised, 3 levels left

rFire  . . .     SeeInvis .     a - +1 hand axe
rCold  . . .     Gourm    .     e - +0 plate armour
rNeg   . . .     Faith    .     (no shield)
rPois  .         Spirit   .     (no helmet)
rElec  .         Dismiss  .     (no cloak)
rCorr  .         Reflect  .     (no gloves)
SustAt .         Harm     .     (no boots)
MR     .....                    (no amulet)
Stlth  ..........               (no ring)
                                (no ring)

@: agile, not resistant to hostile enchantments, extremely unstealthy
A: talons 1, icy blue scales 1, powered by pain 1
a: Depart the Abyss, Bend Space, Renounce Religion


You were on level 3 of the Dungeon.
You worshipped Lugonu.
Lugonu was pleased with you.
You were not hungry.

You visited 1 branch of the dungeon, and saw 3 of its levels.
You visited the Abyss 1 time.

You collected 138 gold pieces.

Inventory:

Hand Weapons
 a - a +1 hand axe (weapon)
Armour
 e - a +0 plate armour (worn)
Jewellery
 p - a +5 ring of dexterity {unknown}
Scrolls
 d - 2 scrolls of teleportation {unknown}
 g - a scroll of identify {unknown}
 i - a scroll of fear {unknown}
 l - a scroll of remove curse {unknown}
 n - a scroll of immolation {unknown}
 t - a scroll of recharging {unknown}
Potions
 f - a potion of curing {unknown}
 h - a potion of might {unknown}
 m - a potion of magic {unknown}
 o - a potion of ambrosia {unknown}
 q - a potion of heal wounds {unknown}
 r - a potion of experience {unknown}
 s - a potion of resistance {unknown}
 u - a potion of flight {unknown}
Comestibles
 b - 4 meat rations
 c - a bread ration
 j - a royal jelly
 k - 2 slices of pizza
 v - 3 chunks of flesh


   Skills:
 + Level 4.0 Fighting
 + Level 2.2 Axes
 * Level 2.9 Armour
 + Level 1.0 Dodging
 + Level 2.4 Invocations


You had 3 spell levels left.
You didn't know any spells.

Dungeon Overview and Level Annotations

Branches:
Dungeon (3/15)

Altars:
Ashenzari
Cheibriados
Dithmenos
Okawaru
Ru
Zin
The Shining One

Annotations:
D:3 Robin


Innate Abilities, Weirdness & Mutations

You have sharp toenails.
You are partially covered in icy blue scales (AC +1).
You sometimes gain a little power by taking damage.


Message History

* * * LOW HITPOINT WARNING * * *
The hobgoblin hits you.
* * * LOW HITPOINT WARNING * * *
The hobgoblin hits you but does no damage.
The bat hits you but does no damage.
The hobgoblin hits you but does no damage.
Your plate armour prevents you from hitting Robin.
You claw Robin, but do no damage.
Robin is lightly wounded.
You hit the hobgoblin.
The hobgoblin is almost dead.
You hit the hobgoblin but do no damage.
The hobgoblin is heavily wounded.
You hit the bat.
You kill the bat!
Lugonu accepts your kill.
You closely miss the hobgoblin.
The hobgoblin hits you but does no damage.
Robin barely misses you. The hobgoblin hits you with a club.
You die...

...........#........
...........# .....
...........# #####
...........####
...#.#.......$#
..#....#####.##
####. #....)## ##
#...#g.# #...##@#
......gggw.....
###...##........
#... #........ #..?
#........ ..
......... #
......... .......##


You could see Robin, a dart slug and 3 hobgoblins.

Vanquished Creatures
  2 adders (D:3)
  2 worms (D:2)
  A dart slug (D:2)
  2 giant geckos
  3 ball pythons
  6 bats
  A giant cockroach (D:3)
  8 hobgoblins
  2 jackals (D:3)
  12 goblins
  2 kobolds
  5 rats (D:1)
46 creatures vanquished.

Notes
Turn   | Place    | Note
--------------------------------------------------------------
     0 | Abyss:1  | Gargoyl the Demonspawn Abyssal Knight began the quest for the Orb.
     0 | Abyss:1  | Reached XP level 1. HP: 18/18 MP: 2/2
   102 | Abyss:2  | Noticed a thrashing horror
   103 | D:1      | Escaped the Abyss
   165 | D:1      | Reached * piety under Lugonu
   233 | D:1      | Gained mutation: You have sharp toenails. [demonic ancestry]
   233 | D:1      | Reached XP level 2. HP: 17/24 MP: 3/3
   750 | D:1      | Reached skill level 1 in Dodging
   909 | D:2      | Found a snail-covered altar of Cheibriados.
   974 | D:2      | Gained mutation: You sometimes gain a little power by taking damage. [demonic ancestry]
   974 | D:2      | Reached XP level 3. HP: 29/29 MP: 4/4
  1026 | D:2      | Found a glowing golden altar of the Shining One.
  1026 | D:2      | Found a sacrificial altar of Ru.
  1026 | D:2      | Found an iron altar of Okawaru.
  1026 | D:2      | Found a shadowy altar of Dithmenos.
  1089 | D:2      | Found a glowing silver altar of Zin.
  1094 | D:2      | Found a shattered altar of Ashenzari.
  1841 | D:3      | Noticed Robin
  1851 | D:3      | Reached ** piety under Lugonu
  1851 | D:3      | Reached skill level 4 in Fighting
  1859 | D:3      | Gained mutation: You are partially covered in icy blue scales (AC +1). [demonic ancestry]
  1859 | D:3      | Reached XP level 4. HP: 21/37 MP: 5/5
  1868 | D:3      | Slain by a hobgoblin

Skill      XL: |  1  2  3 |
---------------+----------+-----
Armour         | 2 |  2.9
Axes           | 2 |  2.2
Dodging        | 1 |  1.0
Fighting       | 4 |  4.0
Invocations    | |  2.4

Action                   |  1- 3 |  4- 6 || total
-------------------------+-------+-------++-------
Melee: Hand axe          |   146 |     8 ||   154
       Kick              |    28 |     3 ||    31
Invok: Depart the Abyss  |     1 |       ||     1
  Eat: Chunk             |     3 |       ||     3
Armor: Plate armour      |   177 |    10 ||   187
Dodge: Dodged            |    40 |    10 ||    50
